 Dungeon Crawl Stone Soup version 0.22.1-1-ga44c0e5 (webtiles) character file.

125 empire the Slasher (level 4, 0/40 HPs)
             Began as a Minotaur Fighter on Oct 31, 2018.
             Slain by a river rat (4 damage)
             ... in a sewer.
             The game lasted 00:05:13 (1816 turns).

empire the Slasher (Minotaur Fighter)               Turns: 1816, Time: 00:05:14

Health: 0/40       AC:  7    Str: 27    XL:     4   Next: 82%
Magic:  3/3        EV:  8    Int:  5    God:
Gold:   149        SH: 10    Dex:  9    Spells: 3/3 levels left

rFire    . . .     SeeInvis .   a - +0 long sword
rCold    . . .     Gourm    .   c - +0 shield
rNeg     . . .     Faith    .   b - +0 scale mail
rPois    .         Spirit   .   (helmet restricted)
rElec    .         Reflect  .   (no cloak)
rCorr    .         Harm     .   (no gloves)
MR       .....                  (no boots)
Stlth    ..........             (no amulet)
HPRegen  0.13/turn              (no ring)
MPRegen  0.08/turn              (no ring)

@: mighty
A: retaliatory headbutt, horns 2
a: no special abilities


You were in a sewer.
You were hungry.

You visited 1 branch of the dungeon, and saw 3 of its levels.
You also visited: Sewer.

You collected 149 gold pieces.

Inventory:

Hand Weapons
 a - a +0 long sword (weapon)
Armour
 b - a +0 scale mail (worn)
 c - a +0 shield (worn)
 h - a +0 chain mail
Scrolls
 e - 3 scrolls of magic mapping {unknown}
 j - 2 scrolls of teleportation {unknown}
 m - a scroll of identify
 n - a scroll of remove curse
Potions
 i - a potion of invisibility
 k - 2 potions of haste {unknown}
 o - a potion of resistance {unknown}
 r - a potion of degeneration {unknown}
Comestibles
 f - 3 rations


   Skills:
 - Level 4.0 Fighting
 * Level 4.6 Long Blades
 - Level 4.1 Armour
 + Level 2.0 Dodging
 - Level 4.0 Shields


You had 3 spell levels left.
You didn't know any spells.
Your spell library contained the following spells:

 Spells                   Type           Power        Failure   Level  Hunger
 Freeze                   Ice            #...         99%         1    ##.....
 Throw Frost              Conj/Ice       #.....       100%        2    ###....
 Ozocubu's Armour         Chrm/Ice       #.......     100%        3    ####...
 Summon Ice Beast         Ice/Summ       #.......     100%        4    #####..
 Throw Icicle             Conj/Ice       #.......     100%        4    #####..


Dungeon Overview and Level Annotations

Branches:
Dungeon (3/15)

Altars:
Ru
Xom


Innate Abilities, Weirdness & Mutations

You reflexively headbutt those who attack you in melee.
You have a pair of horns on your head.


Message History

The river rat is severely wounded.
You block the ball python's attack.
* * * LOW HITPOINT WARNING * * *
The ball python constricts you.
The river rat bites you but does no damage.
The ball python bites you but does no damage.
You slash the ball python!
You kill the ball python!
You block the ball python's attack. The ball python grabs you.
The ball python constricts you.
The river rat bites you but does no damage.
The ball python barely misses you. You furiously retaliate!
You headbutt the ball python!
You kill the ball python!
The ball python completely misses you. The ball python constricts you.
You escape the ball python's grasp.
The rat barely misses you. You furiously retaliate!
You headbutt the rat!!
You kill the rat!
The river rat bites you.
You die...

#≈≈≈≈≈.#
#≈≈..≈≈#
#≈≈≈≈≈≈#
##.≈≈.##
#≈≈≈≈≈≈#
#≈≈≈≈≈≈#
#≈≈≈≈≈≈#
#≈≈≈≈†≈#
#≈≈≈≈≈≈#
#≈≈≈†≈≈#
#≈≈≈≈≈≈#
#≈≈≈≈†≈#
#≈≈≈≈≈≈#
#≈S≈≈≈≈#
##≈...##
##r...##
##......#
#.@....#
#......##
##S.....#
.......#
#.......#
......##
##........
...####
####.....
#### ###..
#


You could see an adder, a river rat and a ball python.

Vanquished Creatures
  An adder (Sewer)
  3 river rats (Sewer)
  2 oozes
  A worm (D:2)
  A dart slug (D:2)
  6 leopard geckos
  8 ball pythons
  5 bats
  3 giant cockroaches
  5 goblins
  5 hobgoblins (D:1)
  3 jackals (D:1)
  2 frilled lizards (D:2)
  6 kobolds (D:1)
  26 rats
77 creatures vanquished.

Notes
Turn   | Place    | Note
-------+----------+-------------------------------------------
     0 | D:1      | empire the Minotaur Fighter began the quest for the Orb.
     0 | D:1      | Reached XP level 1. HP: 19/19 MP: 0/0
    80 | D:1      | Reached XP level 2. HP: 21/27 MP: 1/1
   424 | D:1      | Reached XP level 3. HP: 23/33 MP: 2/2
   689 | D:2      | Found a sacrificial altar of Ru.
  1106 | D:2      | Found a shimmering altar of Xom.
  1219 | D:3      | Reached skill level 1 in Dodging
  1251 | D:3      | Found a glowing drain.
  1263 | Sewer    | Entered a sewer
  1286 | Sewer    | Reached XP level 4. HP: 37/40 MP: 3/3
  1816 | Sewer    | Slain by a river rat

Skill      XL: |  1  2  3  4 |
---------------+-------------+-----
Armour         | 4 |  4.1
Fighting       | 4 |  4.0
Shields        | 4 |  4.0
Long Blades    | 3 4 |  4.6
Dodging        | 1 2 |  2.0

Action                   |  1- 3 |  4- 6 || total
-------------------------+-------+-------++-------
Melee: Long sword        |   111 |    82 ||   193
       Headbutt          |     9 |    13 ||    22
  Use: Scroll            |     6 |       ||     6
       Potion            |       |     3 ||     3
  Eat: Chunk             |     1 |     2 ||     3
Armor: Scale mail        |    57 |    87 ||   144
Dodge: Dodged            |    39 |    67 ||   106
Block: Shield            |    71 |    87 ||   158
       Rpst.: Long sword |    11 |    20 ||    31
